 Dungeon Crawl Stone Soup version 0.31.0-32-g396128a36d (webtiles) character file.

Game seed: 5337483359409097405

88143 Xomster the Skirmisher (level 15, 0/120 HPs)
             Began as a Gnoll Hunter on Apr 19, 2024.
             Was the Champion of the Shining One.
             Succumbed to a +1 trident of venom's poison
             ... on level 2 of the Elven Halls.
             The game lasted 01:36:12 (28833 turns).

Xomster the Skirmisher (Gnoll Hunter)              Turns: 28833, Time: 01:36:13

Health: 0/120      AC: 22    Str: 11    XL:     15   Next: 93%
Magic:  14/29      EV: 21    Int:  9    God:    the Shining One [******]
Gold:   858        SH:  0    Dex: 22    Spells: 35/35 levels left

rFire   + + .        a - +9 shortbow (flame)
rCold   + . .        (shield currently unavailable)
rNeg    + + +        P - +2 scale mail {rF+}
rPois   .            o - +2 helmet {SInv}
rElec   .            M - scarf {rC+ rF+}
rCorr   .            z - +1 pair of gloves {hurl}
SInv    +            S - +0 pair of boots {rampage}
Will    +....        y - amulet of guardian spirit
Stlth   ++           R - +4 ring of protection
HPRegen 0.40/turn    n - +5 ring of evasion
MPRegen 0.21/turn

%: guardian spirit, rampage
@: lethally poisoned (0 -> -2), glowing
A: fangs 1, strong nose, distributed training
a: Renounce Religion, Divine Shield, Cleansing Flame, Summon Divine Warrior,
Brand Weapon With Holy Wrath


You were on level 2 of the Elven Halls.
You worshipped the Shining One.
The Shining One was exalted by your worship.
You visited 4 branches of the dungeon, and saw 22 of its levels.
You also visited: Sewer and Volcano.

You collected 1659 gold pieces.
You spent 801 gold pieces at shops.

Inventory:

Hand Weapons
 a - a +9 shortbow of flaming (weapon)
Missiles
 O - 2 javelins
Armour
 j - an orb of light
 o - a +2 helmet of see invisible (worn)
 z - a +1 pair of gloves of hurling (worn)
 M - a scarf of resistance (worn)
 P - a +2 scale mail of fire resistance (worn)
 S - a +0 pair of boots of rampaging (worn)
Jewellery
 m - a ring of willpower
 n - a +5 ring of evasion (right hand)
 y - an amulet of guardian spirit (around neck)
 I - an amulet of the acrobat
 R - a +4 ring of protection (left hand)
Wands
 q - a wand of flame (19)
 t - a wand of mindburst (21)
 A - a wand of acid (6)
 E - a wand of iceblast (4)
 N - a wand of charming (16)
 Q - a wand of digging (7)
Scrolls
 b - a scroll of butterflies
 e - 8 scrolls of teleportation
 f - 3 scrolls of vulnerability
 i - 3 scrolls of poison
 k - 4 scrolls of immolation
 p - 2 scrolls of enchant weapon
 r - 2 scrolls of blinking
 w - a scroll of revelation
 H - a scroll of fear
 J - 5 scrolls of enchant armour
Potions
 d - 5 potions of invisibility
 g - 2 potions of might
 h - 4 potions of resistance
 l - a potion of lignification
 s - 3 potions of curing
 u - 6 potions of brilliance
 v - a potion of mutation
 x - 4 potions of haste
 B - a potion of cancellation {unknown}
 C - 2 potions of berserk rage
 D - 2 potions of enlightenment
 F - 3 potions of attraction {unknown}
 G - a potion of magic {unknown}
 K - 2 potions of heal wounds
Miscellaneous
 L - a phial of floods


   Skills:
 + Level 11.7 Fighting
 + Level 10.8 Short Blades
 + Level 10.8 Long Blades
 + Level 10.8 Axes
 + Level 10.8 Maces & Flails
 + Level 10.8 Polearms
 + Level 10.8 Staves
 + Level 13.6 Ranged Weapons
 + Level 10.8 Throwing
 + Level 10.8 Armour
 + Level 11.7 Dodging
 + Level 11.1 Stealth
 + Level 10.8 Shields
 + Level 10.8 Unarmed Combat
 + Level 10.8 Spellcasting
 + Level 9.1 Conjurations
 + Level 9.1 Hexes
 + Level 9.1 Summonings
 + Level 9.1 Necromancy
 + Level 9.1 Translocations
 + Level 9.1 Fire Magic
 + Level 9.1 Ice Magic
 + Level 9.1 Air Magic
 + Level 9.1 Earth Magic
 + Level 9.1 Alchemy
 + Level 11.8 Invocations
 + Level 10.8 Evocations
 + Level 9.9 Shapeshifting


You had 35 spell levels left.
You didn't know any spells.
Your spell library contained the following spells:

 Spells                   Type           Power      Damage    Failure   Level
 Apportation              Tloc           42%        N/A       1%          1
 Freeze                   Ice            84%        1d9       1%          1
 Sandblast                Erth           42%        2d11      1%          1
 Shock                    Conj/Air       84%        1d8       1%          1
 Slow                     Hex            84%        N/A       1%          1
 Jinxbite                 Hex            42%        N/A       1%          2
 Scorch                   Fire           42%        2d6       1%          2
 Confusing Touch          Hex            21%        N/A       3%          3
 Frozen Ramparts          Ice            42%        1d7       3%          3
 Hailstorm                Conj/Ice       21%        3d7       3%          3
 Passwall                 Erth           21%        N/A       3%          3
 Sigil of Binding         Hex            21%        N/A       3%          3
 Stone Arrow              Conj/Erth      42%        3d9       3%          3
 Swiftness                Air            21%        N/A       3%          3
 Tukima's Dance           Hex            21%        N/A       3%          3
 Vampiric Draining        Necr           21%        2d7       3%          3
 Airstrike                Air            10%        2d(2-18)  13%         4
 Brom's Barrelling Bould  Conj/Erth      21%        2d4       13%         4
 Dimensional Bullseye     Hex/Tloc       10%        N/A       13%         4
 Flame Wave               Conj/Fire      21%        2d8       13%         4
 Iskenderun's Mystic Bla  Conj/Tloc      21%        2d6       13%         4
 Alistair's Intoxication  Alch           14%        N/A       34%         5
 Summon Cactus Giant      Summ           10%        N/A       89%         6


Dungeon Overview and Level Annotations

Branches:
Dungeon (13/15)            Temple (0/1) D:6            Lair (4/5) D:10
 Shoals (0/4) Lair:2       Spider (0/4) Lair:3          Orc (2/2) D:11
    Elf (3/3) Orc:2         Sewer (visited)         Volcano (visited)
  Slime: Lair:4-5    Vaults: D:13-14

Altars:
Cheibriados
Dithmenos
Elyvilon
Fedhas
Kikubaaqudgha
Okawaru
Qazlal
Ru
Vehumet
Xom
The Shining One

Shops:
D:1 *   D:4 :   D:13 [?[   Orc:1 *   Orc:2 (*!(   Elf:1 [::   Elf:2 [:?[

Annotations:
D:6 2 transporters
Lair:3 exclusion: oklob plant
Elf:2 3 runed translucent doors


Innate Abilities, Weirdness & Mutations

You have very sharp teeth.
Your uncanny sense of smell can sniff out nearby items.
Your experience applies equally to all skills.


Message History

The arrow completely misses the deep elf zephyrmancer.
* * * LOW HITPOINT WARNING * * *
You feel sick.
The deep elf zephyrmancer gestures wildly while chanting.
The deep elf zephyrmancer blinks!
Fire: a) +9 shortbow (flame)
Press: ? - help, Q - select action, (/) - cycle Shift-Dir - straight line, f/p - deep elf zephyrmancer
Aim: a deep elf zephyrmancer, wielding a +3 rapier and wearing a +0 chain mail (severely wounded, haloed, 85% to hit)
You shoot an arrow.
The arrow hits the deep elf zephyrmancer but does no damage.
The deep elf zephyrmancer is severely wounded.
* * * LOW HITPOINT WARNING * * *
You feel sick.
The deep elf zephyrmancer points at you and mumbles some strange words.
The bolt of lightning misses you.
Fire: a) +9 shortbow (flame)
Press: ? - help, Q - select action, (/) - cycle Shift-Dir - straight line, f/p - deep elf zephyrmancer
Aim: a deep elf zephyrmancer, wielding a +3 rapier and wearing a +0 chain mail (severely wounded, haloed, 85% to hit)
You shoot an arrow.
The arrow hits the deep elf zephyrmancer!
The arrow burns the deep elf zephyrmancer.
The deep elf zephyrmancer is almost dead.
* * * LOW HITPOINT WARNING * * *
You feel sick.
The deep elf zephyrmancer gestures at you while chanting.
The bolt of lightning misses you.
Fire: a) +9 shortbow (flame)
Press: ? - help, Q - select action, (/) - cycle Shift-Dir - straight line, f/p - deep elf zephyrmancer
Aim: a deep elf zephyrmancer, wielding a +3 rapier and wearing a +0 chain mail (almost dead, haloed, 85% to hit)
You shoot an arrow.
The arrow hits the deep elf zephyrmancer.
The arrow burns the deep elf zephyrmancer.
You kill the deep elf zephyrmancer!
* * * LOW HITPOINT WARNING * * *
You feel sick.
* * * LOW HITPOINT WARNING * * *
You feel sick.
* * * LOW HITPOINT WARNING * * *
You feel sick.
You die...

.[..##.# ##.###.## ....##.###
##.#...#.##### .........#
#.##∩..##...)## .......#.#
###.#...#.##.#.##
.....###.####....###..#.###.##
....#......##.#...#.#..## ##.#
.....∩##.#.##.#).#.##.#.###.##
........###...#.......##.#.###
.........#.#####@########..#.##
.#..........###.......####..#.##
..........##.##............###.##
...........##.#.......###.#...#.#
...........###........##.##...##.
..(........##.#.......###.#...#.#
....>.....##.##.......# #..###.##
..........#..##.....[.# #...#..#
..#.....##.##########.# #.##.#.#


There were no monsters in sight!

Vanquished Creatures
  2 deep elf elementalists
  An orc warlord (Orc:2)
  A deep elf death mage (Elf:1)
  An ettin (Orc:2)
  Erolcha (D:12)
  3 hydras
  6 two-headed ogres
  A centaur warrior (D:13)
  A boulder beetle (D:12)
  12 dancing weapons
  A death yak (Lair:1)
  4 orc high priests (Orc:2)
  A vampire mage (Lair:1)
  5 deep elf knights
  A skeletal warrior (D:13)
  8 deep elf archers
  4 orc knights (Orc:2)
  17 deep elf pyromancers
  13 deep elf zephyrmancers
  4 necromancers (Elf:1)
  3 ugly things
  5 orc sorcerers (Orc:2)
  A manticore (D:13)
  2 cyclopes
  4 large abominations (Elf:1)
  Maurice (D:11)
  5 kobold blastminers
  A gargoyle (D:12)
  3 black mambas
  6 cane toads
  An unseen horror (D:12)
  3 rime drakes
  4 trolls
  5 komodo dragons
  4 polar bears
  Grinder (D:5)
  A snapping turtle (Lair:2)
  9 blink frogs
  7 slime creatures
  3 water elementals
  Sigmund (D:5)
  5 air elementals
  3 wyverns
  A shadow (D:13)
  6 fire elementals
  A wraith (D:9)
  A vampire (D:11)
  46 yaks
  A human (Lair:1)
  4 steam dragons
  A basilisk (shapeshifter) (Elf:1)
  An unseen horror simulacrum (D:8)
  A warg (Orc:2)
  3 vampire mosquitoes (D:13)
  Menkaure (D:5)
  An acid dragon (D:10)
  6 water moccasins
  A hell hound (Volcano)
  2 sky beasts
  47 orc warriors
  2 black bears (Lair:1)
  5 ice beasts
  15 ogres
  12 wolves
  6 centaurs
  3 phantoms
  2 elf zombies (Elf:1)
  Blork the orc (D:4)
  12 bullfrogs
  3 scorpions
  An earth elemental (Elf:2)
  13 wights
  8 killer bees (D:9)
  4 electric eels
  A howler monkey (shapeshifter) (Elf:1)
  3 howler monkeys
  5 hounds
  A wyvern simulacrum (D:8)
  24 orc priests
  A sleepcap (D:6)
  6 iguanas
  Natasha (thrice) (D:2)
  25 orc wizards
  4 gnolls (D:5)
  A river rat (Sewer)
  A shadow imp (D:6)
  17 adders
  2 white imps
  5 ufetubi
  3 dart slugs
  A ribbon worm (D:2)
  106 orcs
  7 bats
  5 endoplasms
  2 giant cockroaches
  4 goblins
  3 hobgoblins
  2 jackals (D:1)
  3 kobolds
  4 quokkas
  20 ball pythons
  4 frilled lizards
  30 rats
669 creatures vanquished.

Vanquished Creatures (collateral kills)
  An orc warlord (Orc:2)
  A kobold blastminer (Orc:2)
  An ogre (Orc:2)
3 creatures vanquished.

Vanquished Creatures (others)
  A deep elf pyromancer (Elf:1)
  2 orcs (Orc:2)
3 creatures vanquished.

Grand Total: 675 creatures vanquished

Notes
Turn   | Place    | Note
-------+----------+-------------------------------------------
     0 | D:1      | Xomster the Gnoll Hunter began the quest for the Orb.
     0 | D:1      | Reached XP level 1. HP: 20/20 MP: 1/1
   136 | D:1      | Reached XP level 2. HP: 26/26 MP: 2/2
   158 | D:1      | Found a faded altar of an unknown god.
   515 | D:1      | Found Quaperuc's Assorted Antiques.
   973 | D:2      | Reached XP level 3. HP: 31/31 MP: 3/3
  1074 | D:2      | Reached skill level 1 in Invocations
  1145 | D:2      | Reached skill level 1 in Short Blades
  1145 | D:2      | Reached skill level 1 in Long Blades
  1145 | D:2      | Reached skill level 1 in Axes
  1145 | D:2      | Reached skill level 1 in Maces & Flails
  1145 | D:2      | Reached skill level 1 in Polearms
  1145 | D:2      | Reached skill level 1 in Staves
  1145 | D:2      | Reached skill level 1 in Throwing
  1145 | D:2      | Reached skill level 1 in Armour
  1145 | D:2      | Reached skill level 1 in Shields
  1145 | D:2      | Reached skill level 1 in Unarmed Combat
  1145 | D:2      | Reached skill level 1 in Spellcasting
  1145 | D:2      | Reached skill level 1 in Evocations
  1259 | D:2      | Reached skill level 1 in Shapeshifting
  1259 | D:2      | Reached XP level 4. HP: 38/38 MP: 5/5
  1388 | D:2      | Noticed Natasha
  1392 | D:2      | Killed Natasha
  1393 | D:2      | Reached skill level 1 in Conjurations
  1393 | D:2      | Reached skill level 1 in Hexes
  1393 | D:2      | Reached skill level 1 in Summonings
  1393 | D:2      | Reached skill level 1 in Necromancy
  1393 | D:2      | Reached skill level 1 in Translocations
  1393 | D:2      | Reached skill level 1 in Fire Magic
  1393 | D:2      | Reached skill level 1 in Ice Magic
  1393 | D:2      | Reached skill level 1 in Air Magic
  1393 | D:2      | Reached skill level 1 in Earth Magic
  1393 | D:2      | Reached skill level 1 in Alchemy
  1394 | D:2      | Noticed Natasha
  1397 | D:2      | Killed Natasha
  1858 | D:2      | Noticed Natasha
  1870 | D:2      | Killed Natasha
  1871 | D:2      | Reached XP level 5. HP: 43/43 MP: 7/7
  2066 | D:3      | Noticed an ogre
  2072 | D:3      | Killed an ogre
  2073 | D:3      | Reached XP level 6. HP: 50/50 MP: 8/8
  2089 | D:3      | Found a white marble altar of Elyvilon.
  2241 | D:3      | Reached skill level 5 in Fighting
  2241 | D:3      | Reached skill level 5 in Dodging
  2920 | D:4      | Noticed Blork the orc
  2932 | D:4      | Killed Blork the orc
  3064 | D:4      | Found Uxefong's Self-Published Books.
  3277 | D:4      | Found a glowing golden altar of the Shining One.
  3282 | D:4      | Became a worshipper of the Shining One
  3310 | D:4      | Found a shadowy altar of Dithmenos.
  3360 | D:5      | Entered Level 5 of the Dungeon
  3365 | D:5      | Reached XP level 7. HP: 56/56 MP: 10/10
  3392 | D:5      | Found a glowing drain.
  3401 | Sewer    | Entered a sewer
  3675 | Sewer    | Reached skill level 9 in Ranged Weapons
  3754 | D:5      | Reached XP level 8. HP: 62/63 MP: 12/12
  3846 | D:5      | Noticed Grinder
  3857 | D:5      | Killed Grinder
  3857 | D:5      | Reached * piety under the Shining One
  3935 | D:5      | Found a shimmering altar of Xom.
  3995 | D:5      | Noticed Sigmund
  4000 | D:5      | Killed Sigmund
  4001 | D:5      | Noticed Menkaure
  4212 | D:5      | Killed Menkaure
  4213 | D:5      | Reached XP level 9. HP: 38/69 MP: 10/14
  4690 | D:6      | Noticed a red ugly thing
  4691 | D:6      | Found a blossoming altar of Fedhas.
  4691 | D:6      | Noticed a gargoyle
  4692 | D:6      | Noticed a troll
  4701 | D:6      | Found a transporter.
  4733 | D:6      | Found a transporter.
  4883 | D:6      | Found a radiant altar of Vehumet.
  4952 | D:6      | Reached skill level 5 in Stealth
  5229 | D:6      | Reached skill level 5 in Invocations
  5491 | D:6      | Found a staircase to the Ecumenical Temple.
  5858 | D:6      | You fall into a shaft and drop 1 floor!
  5871 | D:7      | Reached ** piety under the Shining One
  5886 | D:7      | Found a stormy altar of Qazlal.
  6044 | D:7      | Found a sacrificial altar of Ru.
  6050 | D:7      | Reached skill level 5 in Short Blades
  6050 | D:7      | Reached skill level 5 in Long Blades
  6050 | D:7      | Reached skill level 5 in Axes
  6050 | D:7      | Reached skill level 5 in Maces & Flails
  6050 | D:7      | Reached skill level 5 in Polearms
  6050 | D:7      | Reached skill level 5 in Staves
  6050 | D:7      | Reached skill level 5 in Throwing
  6050 | D:7      | Reached skill level 5 in Armour
  6050 | D:7      | Reached skill level 5 in Shields
  6050 | D:7      | Reached skill level 5 in Unarmed Combat
  6050 | D:7      | Reached skill level 5 in Spellcasting
  6050 | D:7      | Reached skill level 5 in Evocations
  6050 | D:7      | Reached XP level 10. HP: 77/77 MP: 17/17
  6072 | D:7      | Reached skill level 10 in Ranged Weapons
  6894 | D:8      | Reached skill level 5 in Shapeshifting
  7073 | D:8      | Noticed a two-headed ogre
  7084 | D:8      | Killed a two-headed ogre
  7255 | D:8      | Identified the +1 war axe "Voebyuh" {freeze, rC- Int+4}
  7296 | D:8      | Reached *** piety under the Shining One
  7341 | D:8      | Reached skill level 5 in Conjurations
  7341 | D:8      | Reached skill level 5 in Hexes
  7341 | D:8      | Reached skill level 5 in Summonings
  7341 | D:8      | Reached skill level 5 in Necromancy
  7341 | D:8      | Reached skill level 5 in Translocations
  7341 | D:8      | Reached skill level 5 in Fire Magic
  7341 | D:8      | Reached skill level 5 in Ice Magic
  7341 | D:8      | Reached skill level 5 in Air Magic
  7341 | D:8      | Reached skill level 5 in Earth Magic
  7341 | D:8      | Reached skill level 5 in Alchemy
  7421 | D:8      | Reached XP level 11. HP: 85/85 MP: 20/20
  7583 | D:8      | Found an ancient bone altar of Kikubaaqudgha.
  8436 | D:9      | Found an iron altar of Okawaru.
  9044 | D:10     | Entered Level 10 of the Dungeon
  9044 | D:10     | Noticed a two-headed ogre
  9263 | D:10     | Noticed a cyan ugly thing
  9285 | D:10     | Killed a cyan ugly thing
  9629 | D:10     | Found a snail-covered altar of Cheibriados.
  9690 | D:10     | Killed a two-headed ogre
  9691 | D:10     | Reached skill level 11 in Ranged Weapons
  9993 | D:10     | Found a staircase to the Lair.
 10348 | D:11     | Noticed a two-headed ogre
 10359 | D:11     | Killed a two-headed ogre
 10360 | D:11     | Reached XP level 12. HP: 86/94 MP: 19/22
 10429 | D:11     | Reached **** piety under the Shining One
 10499 | D:11     | Noticed a two-headed ogre
 10513 | D:11     | Killed a two-headed ogre
 10708 | D:11     | Found a staircase to the Orcish Mines.
 11020 | D:11     | Noticed Maurice
 11027 | D:11     | Killed Maurice
 11123 | D:12     | Noticed Erolcha
 11139 | D:12     | Killed Erolcha
 11193 | D:12     | Noticed a boulder beetle
 11254 | D:12     | Killed a boulder beetle
 11887 | Lair:1   | Entered Level 1 of the Lair of Beasts
 11943 | Lair:1   | Found a dark tunnel.
 12085 | Volcano  | Entered a volcano
 12246 | Volcano  | Reached ***** piety under the Shining One
 12919 | Lair:1   | Noticed a death yak
 12939 | Lair:1   | Killed a death yak
 12940 | Lair:1   | Reached XP level 13. HP: 68/101 MP: 20/25
 13419 | Lair:1   | Found a runed translucent door.
 15514 | Lair:2   | Found a staircase to the Shoals.
 15571 | Lair:2   | The Shining One protects you from harm!
 15961 | Lair:3   | Found a hole to the Spider Nest.
 16012 | Lair:3   | Reached skill level 12 in Ranged Weapons
 16537 | Lair:3   | HP: 4/103 [four-headed hydra (4)]
 17015 | Lair:3   | Identified the +9 falchion "Disonoxa" {elec, rC- rCorr
                  | Str+5}
 17861 | Lair:4   | Reached skill level 10 in Fighting
 17861 | Lair:4   | Reached skill level 10 in Dodging
 19040 | Orc:1    | Entered Level 1 of the Orcish Mines
 19102 | Orc:1    | Found Hantaosch's Mayhem Merchandise.
 19467 | Orc:2    | Entered Level 2 of the Orcish Mines
 20093 | Orc:2    | Reached XP level 14. HP: 93/110 MP: 23/27
 20153 | Orc:2    | Reached skill level 10 in Invocations
 20166 | Orc:2    | Noticed an orc warlord
 20398 | Orc:2    | Killed an orc warlord
 21166 | Orc:2    | Found Qagaon's Antique Weapon Boutique.
 21411 | Orc:2    | Found Giosch's General Store.
 21454 | Orc:2    | Bought a potion of curing for 51 gold pieces
 21454 | Orc:2    | Bought a potion of heal wounds for 85 gold pieces
 21761 | Orc:2    | Found a staircase to the Elven Halls.
 21956 | Orc:2    | Noticed an orc warlord
 21974 | Orc:2    | Killed an orc warlord
 22330 | Orc:2    | Reached skill level 10 in Stealth
 22466 | Orc:2    | Found Siahad's Weapon Shop.
 22518 | Orc:2    | Found Urghif's Distillery.
 22922 | D:13     | Found Sonuyt's Armour Shoppe.
 22930 | D:13     | Bought a +1 pair of gloves of hurling for 247 gold pieces
 23068 | D:13     | Found Xuifryn's Armour Emporium.
 23118 | D:13     | Found Yhibb's Magic Scroll Shop.
 23728 | D:13     | Reached ****** piety under the Shining One
 23746 | D:13     | HP: 5/111 [centaur warrior/arrow (5)]
 24190 | Elf:1    | Entered Level 1 of the Elven Halls
 24552 | Elf:1    | Reached skill level 10 in Short Blades
 24552 | Elf:1    | Reached skill level 10 in Long Blades
 24552 | Elf:1    | Reached skill level 10 in Axes
 24552 | Elf:1    | Reached skill level 10 in Maces & Flails
 24552 | Elf:1    | Reached skill level 10 in Polearms
 24552 | Elf:1    | Reached skill level 10 in Staves
 24552 | Elf:1    | Reached skill level 10 in Throwing
 24552 | Elf:1    | Reached skill level 10 in Armour
 24552 | Elf:1    | Reached skill level 10 in Shields
 24552 | Elf:1    | Reached skill level 10 in Unarmed Combat
 24552 | Elf:1    | Reached skill level 10 in Spellcasting
 24552 | Elf:1    | Reached skill level 10 in Evocations
 24626 | Elf:1    | Reached skill level 13 in Ranged Weapons
 24643 | Elf:1    | Found Etwiy's Book Boutique.
 24670 | Elf:1    | Reached XP level 15. HP: 9/118 MP: 3/29
 25619 | Elf:1    | Noticed a deep elf elementalist
 25635 | Elf:1    | Found Udghivom's Armour Shoppe.
 25814 | Elf:1    | Found Ybucot's Book Shop.
 25950 | Elf:1    | Paralysed by an air elemental for 1 turns
 26053 | Elf:1    | Killed a deep elf elementalist
 26674 | Elf:1    | Paralysed by an air elemental for 1 turns
 27855 | Elf:2    | Paralysed by an air elemental for 1 turns
 27960 | Elf:2    | Found Zapru's Antique Armour Emporium.
 28049 | Elf:2    | Found a runed translucent gate.
 28055 | Elf:2    | Found a runed translucent gate.
 28056 | Elf:2    | Found a runed translucent gate.
 28337 | Elf:2    | Found Fovem's Magic Scroll Shop.
 28345 | Elf:2    | Bought a scroll of blinking for 90 gold pieces
 28345 | Elf:2    | Bought a scroll of teleportation for 36 gold pieces
 28405 | Elf:2    | Found Zaixiyts's Book Emporium.
 28447 | Elf:2    | Noticed a deep elf elementalist
 28466 | Elf:2    | Killed a deep elf elementalist
 28583 | Elf:2    | Found Regog's Antique Armour Shop.
 28591 | Elf:2    | Bought a pair of runed boots for 292 gold pieces
 28812 | Elf:3    | Entered Level 3 of the Elven Halls
 28826 | Elf:2    | HP: 6/120 [poisoned by a +1 trident of venom]
 28830 | Elf:2    | HP: 2/120 [poisoned by a +1 trident of venom]
 28833 | Elf:2    | Succumbed to a +1 trident of venom's poison

Illustrated notes

Levels and vault maps discovered:
D:1:      hellmonk_arrival_library, layout_loops_ring, serial_shops,
          nicolae_shop_window_shopping,
          hellmonk_ecumenical_altar_pennies_from_heaven
D:2:      layout_loops_corners, uniq_natasha
D:3:      kennysheep_six_static_rooms, layout_basic,
          mainiacjoe_overflow_concentric_impassable,
          chequers_serial_rivers_room_b, chequers_serial_rivers_micro_c,
          nrook_campfire
D:4:      layout_cave_pools, mainiacjoe_overflow_two_lobes,
          nicolae_custom_books, uniq_blork_the_orc
D:5:      layout_cave_pools, tgw_xom, portal_sewer_entry_d, uniq_grinder,
          uniq_menkaure, uniq_sigmund
D:6:      minmay_spotlight, layout_basic, vehumet_crystals,
          gammafunk_temple_overflow_arena, minmay_temple_entry_statues,
          minmay_misc_feat_rows
D:7:      layout_basic, old_standard_altar, kennysheep_little_box
D:8:      layout_loops_corners, mainiacjoe_overflow_alcove_1, serial_ice,
          serial_ice_h, serial_ice_f, serial_ice_b, serial_ice_l, serial_ice_m,
          serial_ice_n, chequers_serial_rivers_room_b, st_stairs_9
D:9:      layout_cave_pools, mainiacjoe_overflow_tiny_flanked,
          serial_library_regret_index_small_wings
D:10:     layout_layer_cave, mainiacjoe_overflow_catwalk, erik_lair_island
D:11:     layout_roguey, david_orc_5, uniq_maurice
D:12:     layout_basic, chequers_serial_rivers_micro_e, uniq_erolcha
D:13:     layout_long_grid, serial_shops, shop, nicolae_shop_rolling_square,
          nicolae_stop_n_shop_2, nicolae_shop_just_a_little_nook,
          nicolae_shop_peninsula, kennysheep_kite_vault
Lair:1:   layout_regular_city, nicolae_volcano_entry_lava_flow,
          chequers_serial_rivers_room_b, pdpol_lair_cabin_in_the_woods
Lair:2:   layout_layer_cave, minmay_shoals_entry_hut, st_stairs_6, minivault_27,
          beast_lair_carwin_11, lemuel_fruit_tree
Lair:3:   layout_loops_ring, dummy_spider_entry
Lair:4:   layout_regular_city, infiniplex_staircase_pool_2
Orc:1:    layout_caves, roderic_batcave, minmay_shop_mayhem
Orc:2:    pubby_orc_utopia, serial_shops
Elf:1:    eino_elf_arrival_customs, layout_geoelf_diagonals, serial_shops, shop,
          nicolae_shop_crystal, minmay_elf_necromancy, minmay_shop_star
Elf:2:    nicolae_elf_blades_splatter_lattice
          [nicolae_blade_entry_diamond_columns], layout_loops_cross,
          serial_shops, shop, shop, shop, nicolae_shop_tiny_waterfront
Elf:3:    minmay_elf_hall_dome, layout_onion_city, serial_shops,
          nicolae_shop_rolled_up, ebering_ghost_gozag

Skill      XL: |  1  2  3  4  5  6  7  8  9 10 11 12 13 14 15 |
---------------+----------------------------------------------+-----
Invocations    | 1 2 3 4 5 6 7 8 9 10 11 | 11.8
Short Blades   | 1 2 3 5 6 7 8 9 10 | 10.8
Long Blades    | 1 2 3 5 6 7 8 9 10 | 10.8
Axes           | 1 2 3 5 6 7 8 9 10 | 10.8
Maces & Flails | 1 2 3 5 6 7 8 9 10 | 10.8
Polearms       | 1 2 3 5 6 7 8 9 10 | 10.8
Staves         | 1 2 3 5 6 7 8 9 10 | 10.8
Throwing       | 1 2 3 5 6 7 8 9 10 | 10.8
Armour         | 1 2 3 5 6 7 8 9 10 | 10.8
Shields        | 1 2 3 5 6 7 8 9 10 | 10.8
Unarmed Combat | 1 2 3 5 6 7 8 9 10 | 10.8
Spellcasting   | 1 2 3 5 6 7 8 9 10 | 10.8
Evocations     | 1 2 3 5 6 7 8 9 10 | 10.8
Shapeshifting  | 1 2 3 4 5 6 7 8 9 |  9.9
Conjurations   | 1 2 3 4 5 6 7 8 9 |  9.1
Hexes          | 1 2 3 4 5 6 7 8 9 |  9.1
Summonings     | 1 2 3 4 5 6 7 8 9 |  9.1
Necromancy     | 1 2 3 4 5 6 7 8 9 |  9.1
Translocations | 1 2 3 4 5 6 7 8 9 |  9.1
Fire Magic     | 1 2 3 4 5 6 7 8 9 |  9.1
Ice Magic      | 1 2 3 4 5 6 7 8 9 |  9.1
Air Magic      | 1 2 3 4 5 6 7 8 9 |  9.1
Earth Magic    | 1 2 3 4 5 6 7 8 9 |  9.1
Alchemy        | 1 2 3 4 5 6 7 8 9 |  9.1
Stealth        | 3 4 5 6 7 8 9 10 11 | 11.1
Fighting       | 5 6 7 8 9 10 11 | 11.7
Dodging        | 5 6 7 8 9 10 11 | 11.7
Ranged Weapons | 9 10 11 12 13 | 13.6

Action                     |  1- 3 |  4- 6 |  7- 9 | 10-12 | 13-15 || total
---------------------------+-------+-------+-------+-------+-------++-------
   Fire: Shortbow          |    69 |   130 |   422 |  1051 |  1757 ||  3429
  Throw: Throwing net      |       |       |       |     4 |     1 ||     5
 Invoke: Divine Shield     |       |       |     1 |       |     3 ||     4
         Summon Divine War |       |       |       |       |     1 ||     1
  Evoke: Wand              |       |       |       |     7 |     4 ||    11
    Use: Scroll            |     6 |     4 |     5 |    10 |    16 ||    41
         Potion            |       |       |     2 |       |     4 ||     6
 Armour: Leather armour    |    10 |     9 |    88 |    51 |       ||   158
         Steam dragon scal |       |       |       |    97 |       ||    97
         Troll leather arm |       |       |       |    63 |       ||    63
         Scale mail        |       |       |       |   124 |   795 ||   919
  Dodge: Dodged            |    12 |    30 |   241 |   626 |   947 ||  1856
  Block: Other             |       |       |     3 |       |    12 ||    15
